 Dungeon Crawl Stone Soup version 0.28-a0-194-g42b4daccc1 (webtiles) character file.

Game seed: 5591585987792843642

510 timneilson the Shield-Bearer (level 7, -5/44 HPs)
             Began as a Gargoyle Fighter on Aug 18, 2021.
             Killed from afar by Duvessa (7 damage)
             ... with a puff of flame
             ... on level 5 of the Dungeon.
             The game lasted 00:06:30 (3365 turns).

timneilson the Shield-Bearer (Gargoyle Fighter)     Turns: 3365, Time: 00:06:30

Health: -5/44      AC: 15    Str: 22    XL:     7   Next: 19%
Magic:  7/7        EV:  8    Int:  8    God:
Gold:   133        SH:  8    Dex:  9    Spells: 6/6 levels left

rFire   . . .      SeeInvis .   a - +0 long sword
rCold   . . .      Faith    .   c - +0 kite shield
rNeg    + . .      Spirit   .   b - +0 scale mail
rPois   ∞          Reflect  .   o - +0 helmet
rElec   +          Harm     .   (no cloak)
rCorr   +          Rampage  .   h - +0 pair of gloves
Will    .....                   f - +0 pair of boots
Stlth   ..........              (no amulet)
HPRegen 0.14/turn               i - ring of resist corrosion
MPRegen 0.10/turn               (no ring)

@: attractive
A: sickness immunity, AC +4, negative energy resistance 1, electricity
resistance, torment resistance 1, petrification resistance
a: no special abilities


You were on level 5 of the Dungeon.
You visited 1 branch of the dungeon, and saw 5 of its levels.

You collected 133 gold pieces.

Inventory:

Hand Weapons
 a - a +0 long sword (weapon)
Armour
 b - a +0 scale mail (worn)
 c - a +0 kite shield (worn)
 f - a +0 pair of boots (worn)
 h - a +0 pair of gloves (worn)
 o - a +0 helmet (worn)
Jewellery
 i - a ring of resist corrosion (left hand)
 k - a ring of ice
Wands
 n - a wand of paralysis (12)
Scrolls
 j - 3 scrolls of teleportation
Potions
 e - a potion of cancellation {unknown}
 p - a potion of invisibility {unknown}


   Skills:
 + Level 4.4 Fighting
 * Level 3.8 Long Blades
 * Level 5.2 Armour
 * Level 5.4 Shields
 + Level 0.9 Evocations


You had 6 spell levels left.
You didn't know any spells.
Your spell library contained the following spells:

 Spells                   Type           Power      Damage    Failure   Level
 Magic Dart               Conj           0%         1d3       98%         1
 Pain                     Necr           0%         1d4       98%         1
 Searing Ray              Conj           0%         3d3       99%         2
 Conjure Flame            Conj/Fire      0%         6-21      100%        3
 Ignite Poison            Fire/Tmut/Pois 0%         N/A       100%        3
 Fulminant Prism          Conj/Hex       0%         3d6       100%        4
 Sticky Flame             Conj/Fire      0%         2d3       100%        4
 Agony                    Necr           0%         N/A       100%        5
 Excruciating Wounds      Necr           0%         N/A       100%        5


Dungeon Overview and Level Annotations

Branches:
Dungeon (5/15)
 Temple: D:4-7

Altars:
Nemelex Xobeh
Ru
Trog
Wu Jian
Yredelemnul

Shops:
D:1 (   D:3 (   D:4 *

Annotations:
D:5 Dowan, Duvessa


Innate Abilities, Weirdness & Mutations

You are immune to sickness and miasma.
Your stone body is resilient. (AC +4)
You are immune to poison.
You resist negative energy. (rN+)
You are resistant to electric shocks. (rElec)
You are resistant to unholy torment.
You are immune to petrification.


Message History

Duvessa hits you with a +0 rapier.
You closely miss Duvessa.
Duvessa is lightly wounded.
Duvessa zaps a wand.
The puff of flame hits you.
* * * LOW HITPOINT WARNING * * *
Duvessa zaps a wand.
The puff of flame misses you.
You slash Duvessa!
Duvessa is moderately wounded.
You block Duvessa's attack. x2
You feel better.
Duvessa zaps a wand.
The puff of flame hits you.
* * * LOW HITPOINT WARNING * * *
You feel better. Duvessa hits you but does no damage.
Duvessa zaps a wand.
The puff of flame hits you but does no damage.
You feel better. Duvessa barely misses you.
Dowan says, "Stay away from my face!"
You feel better.
Duvessa says, "Where magic fails, the sword succeeds!"
You block Duvessa's attack.
Duvessa zaps a wand.
The puff of flame hits you but does no damage.
You feel better. Duvessa hits you but does no damage.
It was a potion of attraction.
You feel attractive to monsters. You block Duvessa's attack.
Duvessa zaps a wand.
The puff of flame hits you!
You hit Duvessa but do no damage.
Duvessa is moderately wounded.
Duvessa barely misses you.
Duvessa zaps a wand.
The puff of flame hits you.
You hit Duvessa but do no damage.
Duvessa is moderately wounded.
Duvessa hits you with a +0 rapier! x2
* * * LOW HITPOINT WARNING * * *
Dowan says, "Magic and the sword, together, will defeat you."
You hit Duvessa.
Duvessa is heavily wounded.
Duvessa zaps a wand.
The puff of flame misses you.
Duvessa zaps a wand.
The puff of flame hits you!
* * * LOW HITPOINT WARNING * * *
You closely miss Duvessa.
Duvessa is heavily wounded.
You block Duvessa's attack.
Duvessa zaps a wand.
The puff of flame hits you!
You die...

#.# ##.##
#.#
##...####.
#.#
#........
#.#
.......
#<#######
.....#
#.......#
#...#
#######.#
#..#
#.####e#
#...@el#
########


You could see Duvessa (fast), Dowan and an iguana.

Vanquished Creatures
  Sigmund (D:2)
  An ogre (D:4)
  A hound (D:4)
  Jessica (D:3)
  2 orc wizards (D:4)
  5 adders
  An adder skeleton (D:4)
  A worm (D:2)
  6 dart slugs
  7 orcs (D:4)
  4 ball pythons
  3 bats
  5 endoplasms
  A giant cockroach (D:2)
  5 goblins
  4 hobgoblins
  10 jackals
  8 kobolds
  5 quokkas
  2 frilled lizards (D:1)
  A jackal skeleton (D:4)
  6 rats
  A spectral orc (D:3)
81 creatures vanquished.

Notes
Turn   | Place    | Note
-------+----------+-------------------------------------------
     0 | D:1      | timneilson the Gargoyle Fighter began the quest for the
                  | Orb.
     0 | D:1      | Reached XP level 1. HP: 14/14 MP: 1/1
    40 | D:1      | Reached XP level 2. HP: 18/19 MP: 2/2
    59 | D:1      | Found Roxuagor's Antique Weapon Shop.
    59 | D:1      | Found a faded altar of an unknown god.
   150 | D:1      | Reached XP level 3. HP: 23/23 MP: 3/3
   662 | D:2      | Reached XP level 4. HP: 24/28 MP: 4/4
  1120 | D:2      | Noticed Sigmund
  1129 | D:2      | Killed Sigmund
  1130 | D:2      | Reached XP level 5. HP: 24/33 MP: 5/5
  1130 | D:2      | Reached XP level 6. HP: 28/38 MP: 6/6
  1367 | D:3      | Noticed Jessica
  1380 | D:3      | Killed Jessica
  1381 | D:3      | Reached skill level 5 in Shields
  1507 | D:3      | Found a sacrificial altar of Ru.
  1550 | D:3      | Found an ornate altar of the Wu Jian Council.
  1626 | D:3      | Found a basalt altar of Yredelemnul.
  1952 | D:3      | Found Kaxtibb's Weapon Shop.
  2405 | D:4      | Found Beuf's Bounteous Boutique.
  2491 | D:4      | Reached skill level 5 in Armour
  2491 | D:4      | Reached XP level 7. HP: 20/44 MP: 7/7
  2751 | D:4      | Found a bloodstained altar of Trog.
  2795 | D:4      | Found a sparkling altar of Nemelex Xobeh.
  3273 | D:5      | Entered Level 5 of the Dungeon
  3336 | D:5      | Noticed Duvessa
  3344 | D:5      | Noticed Dowan
  3364 | D:5      | HP: 1/44 [Duvessa/puff of flame (7)]
  3365 | D:5      | Killed from afar by Duvessa

Illustrated notes

Levels and vault maps discovered:
D:1:      amcnicky_arrival_single_pillar, layout_basic,
          hellmonk_ecumenical_altar_dog_temple, serial_shops, shop
D:2:      layout_loops_cross, hangedman_feature_mirror, nrook_campfire,
          item_on_display_a, uniq_sigmund
D:3:      layout_loops_corners, yredelemnul_forgotten_temple_becter,
          old_standard_altar, nicolae_ru_sacrificial_ziggurat, serial_shops,
          shop_statue, uniq_jessica
D:4:      layout_basic, overflow_temple_1_default, general_overflow_altar,
          nicolae_alphabet_shops
D:5:      layout_loops_ring, grunt_temple_overflow_magic_moments,
          minmay_temple_entry_sparse_star, ebering_ghost_inner_flame,
          minmay_gold_behind_fungi, hex_large, columned_hall_lemuel,
          uniq_eustachio, uniq_edmund, uniq_menkaure, uniq_crazy_yiuf_cottage,
          uniq_duvessa

Skill      XL: |  1  2  3  4  5  6 |
---------------+-------------------+-----
Long Blades    | 2 3 |  3.8
Shields        | 4 5 |  5.4
Fighting       | 4 |  4.4
Armour         | 4 5 |  5.2
Evocations     | |  0.9

Action                   |  1- 3 |  4- 6 |  7- 9 || total
-------------------------+-------+-------+-------++-------
Melee: Long sword        |    97 |   155 |    44 ||   296
  Use: Scroll            |     3 |     2 |     2 ||     7
       Potion            |       |     1 |     6 ||     7
Armor: Scale mail        |    87 |   108 |    41 ||   236
Dodge: Dodged            |    53 |    55 |    26 ||   134
Block: Kite shield       |    58 |    83 |    41 ||   182
       Rpst.: Long sword |    12 |    16 |     4 ||    32

Table legend: (Time is in decaauts)
 A = Elapsed time spent in this place.
 B = Non-inter-level travel time spent in this place.
 C = Inter-level travel time spent in this place.
 D = Time resting spent in this place.
 E = Time spent auto-exploring this place.
 F = Levels seen in this place.
 G = Mean time per level.
                   A        B        C        D        E       F      G
               +--------+--------+--------+--------+--------+-----+--------+
         Total |   3501 |   3415 |     86 |      0 |   2668 |   5 |  700.2 |
       Dungeon |   3501 |   3415 |     86 |      0 |   2668 |   5 |  700.2 |
               +--------+--------+--------+--------+--------+-----+--------+

Top non-repeatable levels by time:
     D:4: 1060 daAuts
     D:3: 954 daAuts
     D:2: 906 daAuts
     D:1: 484 daAuts
     D:5: 96 daAuts
